 Dungeon Crawl Stone Soup version 0.29.1 (webtiles) character file.

Game seed: 13460381872380669457

1173 qw the Chopper (level 8, -5/48 HPs)
             Began as a Gargoyle Fighter on Sept 13, 2022.
             Slain by a yak (9 damage)
             ... on level 5 of the Dungeon.
             The game lasted 00:01:28 (4869 turns).

qw the Chopper (Gargoyle Fighter)                   Turns: 4869, Time: 00:01:28

Health: -5/48      AC: 18    Str: 22    XL:     8   Next: 41%
Magic:  8/8        EV:  8    Int:  9    God:
Gold:   202        SH:  9    Dex:  9    Spells: 7/7 levels left

rFire   x . .      SeeInvis .   Y - +0 war axe
rCold   + + .      Faith    .   h - +0 kite shield
rNeg    + . .      Spirit   .   f - +0 ice dragon scales
rPois   inf        Reflect  .   m - +0 helmet
rElec   +          Harm     .   a - +0 cloak
rCorr   .          Rampage  .   (no gloves)
Will    .....                   (no boots)
Stlth   ..........              (no amulet)
HPRegen 0.16/turn               (no ring)
MPRegen 0.11/turn               (no ring)

@: no status effects
A: sickness immunity, AC +5, negative energy resistance 1, electricity
resistance, torment resistance 1, petrification resistance
a: no special abilities


You were on level 5 of the Dungeon.
You visited 1 branch of the dungeon, and saw 5 of its levels.

You collected 202 gold pieces.


Innate Abilities, Weirdness & Mutations

You are immune to sickness and miasma.
Your stone body is resilient. (AC +5)
You are immune to poison.
You resist negative energy. (rN+)
You are resistant to electric shocks. (rElec)
You are resistant to unholy torment.
You are immune to petrification.


   Skills:
 + Level 4.7 Fighting
 - Level 7.2 Axes
 - Level 3.2 Armour
 - Level 1.4 Dodging
 - Level 6.1 Shields


You had 7 spell levels left.
You didn't know any spells.
Your spell library was empty.

Inventory:

Hand Weapons
 l - a +1 vorpal flail
 Y - a +0 war axe (weapon)
Armour
 a - a +0 cloak (worn)
 c - a +0 chain mail
 f - +0 ice dragon scales (worn)
 h - a +0 kite shield (worn)
 m - a +0 helmet (worn)
Potions
 d - 2 potions of might
 e - a potion of brilliance {unknown}
 i - 2 potions of lignification {unknown}
 j - a potion of curing {unknown}
 n - a potion of mutation {unknown}
 o - a potion of flight {unknown}

Dungeon Overview and Level Annotations

Branches:
Dungeon (5/15)
 Temple: D:4-7

Altars:
Hepliaklqana


Message History

You hit the ogre.
The ogre is lightly wounded.
You block the ogre's attack.
You barely miss the ogre.
The ogre is lightly wounded.
The ogre closely misses you.
You slash the ogre!
The ogre is moderately wounded.
You block the ogre's attack.
You hit the ogre.
The ogre is heavily wounded.
The ogre completely misses you.
You slash the ogre!
The ogre is almost dead.
The ogre hits you with a +0 giant spiked club!!
Ouch! That really hurt!
You slash the ogre!
You kill the ogre!
You hit the yak.
The yak is lightly wounded.
The yak barely misses you.
You completely miss the yak.
The yak is lightly wounded.
The yak gores you but does no damage.
You hit the yak.
The yak is lightly wounded.
The yak barely misses you. The yak gores you but does no damage.
You slash the yak!
The yak is moderately wounded.
You block the yak's attack.
You hit the yak.
The yak is heavily wounded.
The yak gores you but does no damage.
You hit the yak but do no damage.
The yak is heavily wounded.
The yak gores you but does no damage. You block the yak's attack.
You barely miss the yak.
The yak is heavily wounded.
The yak gores you!
You die...

.#.# ##...##
#.# .#.#
##### #g#
.#.# #g# .#.#
#####
######.#
.#.######...
.....Y..###
.#.....##.##
###........
...........#
#.##..##
######.##..#
#Y##..#
#.##..#
#@##...
#.##..#
#.##.##
#.....# #.##.
#####.#####.#
#.......#
#########


You could see a yak.

Vanquished Creatures
  Grinder (D:3)
  3 yaks (D:5)
  An ogre (D:5)
  2 scorpions (D:5)
  A hound (D:5)
  2 jellies (D:5)
  Terence (D:2)
  2 orc wizards (D:4)
  4 adders
  8 gnolls
  A worm (D:4)
  11 orcs
  7 ball pythons
  3 endoplasms
  A goblin (D:1)
  3 hobgoblins
  2 jackals (D:1)
  A bat (D:1)
  3 frilled lizards
  7 kobolds
  4 rats
68 creatures vanquished.

Notes
Turn   | Place    | Note
-------+----------+-------------------------------------------
     0 | D:1      | qw the Gargoyle Fighter began the quest for the Orb.
     0 | D:1      | Reached XP level 1. HP: 14/14 MP: 1/1
     0 | D:1      | 0 ||| qw: Version: 0.1-a-119-g272c26d
     0 | D:1      | 0 ||| qw: Game counter: 11106
     0 | D:1      | 0 ||| qw: Always use a shield: true
     0 | D:1      | 0 ||| qw: God list: Okawaru
     0 | D:1      | 0 ||| qw: Allow faded altars: false
     0 | D:1      | 0 ||| qw: Do Orc after D:15 true
     0 | D:1      | 0 ||| qw: Do second Lair branch before Depths: true
     0 | D:1      | 0 ||| qw: Lair rune preference: random
     0 | D:1      | 0 ||| qw: Plans: Normal, Zot, God:TSO, Crypt, Tomb, Pan,
                  | Slime, Hells, Zig, Abyss, Orb
     0 | D:1      | 0 ||| PLANNING D:1-11
   137 | D:1      | 137 ||| Stepping ~*~*~tactically~*~*~ (stealth).
   138 | D:1      | 138 ||| Stepping ~*~*~tactically~*~*~ (stealth).
   146 | D:1      | Reached skill level 2 in Axes
   343 | D:1      | 343 ||| DROPPING +0 club.
   518 | D:1      | Reached XP level 2. HP: 19/19 MP: 2/2
   770 | D:1      | Reached skill level 3 in Axes
  1193 | D:1      | 1193 ||| READING scroll labelled WOMIEZXOXT.
  1194 | D:1      | 1194 ||| READING scroll labelled SEVEZU JEGHUT.
  1234 | D:2      | Reached XP level 3. HP: 23/23 MP: 3/3
  1274 | D:2      | 1274 ||| DROPPING +0 whip.
  1291 | D:2      | 1291 ||| Stepping ~*~*~tactically~*~*~ (stealth).
  1559 | D:2      | Noticed Terence
  1567 | D:2      | Killed Terence
  1568 | D:2      | Reached XP level 4. HP: 28/28 MP: 4/4
  1570 | D:2      | 1570 ||| DROPPING +0 flail.
  1603 | D:2      | Reached skill level 4 in Axes
  2034 | D:2      | 2034 ||| UPGRADING to +0 cloak.
  2039 | D:2      | 2039 ||| UPGRADING to +0 kite shield.
  2049 | D:2      | 2049 ||| DROPPING +0 buckler.
  2050 | D:2      | 2050 ||| UPGRADING to +0 helmet.
  2055 | D:2      | 2055 ||| READING scroll labelled FOW LABURUSA.
  2056 | D:2      | 2056 ||| READING scroll labelled ROADDO IDOA.
  2057 | D:2      | 2057 ||| READING scroll labelled UPNUOCSEYPSU.
  2058 | D:2      | 2058 ||| DRINKING 2 bubbling grey potions.
  2059 | D:2      | 2059 ||| DROPPING potion of degeneration.
  2139 | D:3      | 2139 ||| Stepping ~*~*~tactically~*~*~ (stealth).
  2407 | D:3      | Noticed Grinder
  2408 | D:3      | 2408 ||| Stepping ~*~*~tactically~*~*~ (hiding).
  2416 | D:3      | Paralysed by Grinder for 5 turns
  2427 | D:3      | Paralysed by Grinder for 2 turns
  2433 | D:3      | Paralysed by Grinder for 5 turns
  2442 | D:3      | HP: 7/28 [Grinder/nerve-wracking pain (2)]
  2443 | D:3      | Killed Grinder
  2444 | D:3      | Reached skill level 6 in Shields
  2444 | D:3      | Reached XP level 5. HP: 9/32 MP: 5/5
  2444 | D:3      | Reached XP level 6. HP: 10/37 MP: 6/6
  2948 | D:3      | Found a hazy altar of Hepliaklqana.
  3021 | D:3      | 3021 ||| READING scroll labelled RELONG YTWERGH.
  3022 | D:3      | 3022 ||| READING scroll labelled GIAFI WEABRI.
  3023 | D:3      | 3023 ||| READING scroll labelled RAIM DESEEM.
  3124 | D:3      | 3124 ||| DRINKING 2 fizzy purple potions.
  3381 | D:4      | 3381 ||| Stepping ~*~*~tactically~*~*~ (stealth).
  3908 | D:4      | 3908 ||| UPGRADING to +0 chain mail.
  3918 | D:4      | 3918 ||| DROPPING +0 scale mail.
  3919 | D:4      | 3919 ||| UPGRADING to +0 ice dragon scales.
  3957 | D:5      | Entered Level 5 of the Dungeon
  3963 | D:5      | 3963 ||| Stepping ~*~*~tactically~*~*~ (hiding).
  3964 | D:5      | 3964 ||| STAIRDANCE
  4086 | D:5      | 4086 ||| STAIRDANCE
  4239 | D:5      | 4239 ||| FLEEEEING.
  4240 | D:5      | 4240 ||| FLEEEEING.
  4241 | D:5      | 4241 ||| FLEEEEING.
  4242 | D:5      | 4242 ||| FLEEEEING.
  4243 | D:5      | 4243 ||| FLEEEEING.
  4244 | D:5      | 4244 ||| FLEEEEING.
  4245 | D:5      | 4245 ||| FLEEEEING.
  4246 | D:5      | 4246 ||| FLEEEEING.
  4247 | D:5      | 4247 ||| FLEEEEING.
  4248 | D:5      | 4248 ||| FLEEEEING.
  4255 | D:5      | HP: 9/37 [orc/puff of flame (15)]
  4256 | D:5      | 4256 ||| READING scroll of teleportation.
  4257 | D:5      | 4257 ||| DRINKING potion of heal wounds.
  4270 | D:5      | Reached skill level 5 in Axes
  4270 | D:5      | Reached XP level 7. HP: 28/41 MP: 7/7
  4357 | D:5      | 4357 ||| Stepping ~*~*~tactically~*~*~ (stealth).
  4475 | D:5      | 4475 ||| Stepping ~*~*~tactically~*~*~ (stealth).
  4606 | D:5      | Reached skill level 1 in Dodging
  4823 | D:5      | Noticed a yak
  4823 | D:5      | Noticed a yak
  4825 | D:5      | Noticed a yak
  4826 | D:5      | Noticed a yak
  4827 | D:5      | 4827 ||| Stepping ~*~*~tactically~*~*~ (stealth).
  4828 | D:5      | 4828 ||| Stepping ~*~*~tactically~*~*~ (stealth).
  4837 | D:5      | Killed a yak
  4838 | D:5      | Reached skill level 6 in Axes
  4847 | D:5      | Killed a yak
  4848 | D:5      | Reached XP level 8. HP: 27/48 MP: 8/8
  4854 | D:5      | Killed a yak
  4855 | D:5      | Reached skill level 7 in Axes
  4855 | D:5      | HP: 9/48 [ogre/+0 giant spiked club (6)]
  4856 | D:5      | 4856 ||| DRINKING potion of heal wounds.
  4861 | D:5      | HP: 3/48 [ogre/+0 giant spiked club (28)]
  4869 | D:5      | Slain by a yak

Levels and vault maps discovered:
D:1:      reono_arrival_forest_river, layout_basic, chequers_big_river
D:2:      layout_loops_ring, uniq_terence
D:3:      layout_basic, nzn_hepliaklqana_mist_gate, kennysheep_boxes,
          uniq_grinder
D:4:      layout_loops_ring
D:5:      layout_loops_ring, serial_shops, shop, kennysheep_dice

Skill      XL: |  1  2  3  4  5  6  7  8 |
---------------+-------------------------+-----
Axes           | 2 3 4 5 6 7 |  7.2
Shields        | 6 |  6.1
Fighting       | 4 |  4.7
Dodging        | 1 |  1.4
Armour         | |  3.2

Action                   |  1- 3 |  4- 6 |  7- 9 || total
-------------------------+-------+-------+-------++-------
Melee: War axe           |    66 |   179 |    75 ||   320
  Use: Scroll            |     2 |     7 |       ||     9
       Potion            |       |     3 |     1 ||     4
Armor: Scale mail        |    28 |    71 |       ||    99
       Ice dragon scales |       |    29 |    28 ||    57
Dodge: Dodged            |    34 |    65 |    21 ||   120
Block: Buckler           |    11 |     4 |       ||    15
       Kite shield       |       |    65 |    35 ||   100

Table legend:
 A = Non-vault XP
 B = Vault XP
 C = Vault XP percentage of total XP
 D = Non-vault monster count
 E = Vault monster count
 F = Vault count percentage of total count
                 A         B        C        D         E       F
            +---------+---------+-------+---------+---------+-------
      Total |    1291 |     385 |  23.0 |      65 |       3 |   4.4
            +---------+---------+-------+---------+---------+-------
        D:1 |      33 |       0 |   0.0 |      13 |       0 |   0.0
        D:2 |      40 |      36 |  47.4 |      10 |       1 |   9.1
        D:3 |      10 |     304 |  96.8 |       8 |       1 |  11.1
        D:4 |     165 |       0 |   0.0 |      17 |       0 |   0.0
        D:5 |    1043 |      45 |   4.1 |      17 |       1 |   5.6
            +---------+---------+-------+---------+---------+-------
